Map: Abyssal Reef LE

Players

Synprime - Winner!

  • Race: Protoss Protoss
  • League: Diamond
  • Spawn Location: 11:00

Biscuits

  • Race: Terran Terran
  • League: Diamond
  • Spawn Location: 5:00

VOD

Have the link to the VOD?

Description

Time

  • Played on: July 19, 2017, 1:22 p.m.
  • Length: 7:09
Show
View Real Time Build Order
Export as new Build Order

Synprime Protoss - Winner!

Build Orders: Oracle Opening 

Get SALT Encoding   

  12  0:00  Probe (Chrono Boost)  
  13  0:11  Probe (Chrono Boost)  
  14  0:19  Pylon  
  14  0:22  Probe (Chrono Boost)  
  15  0:38  Probe (Chrono Boost), Gateway  
  16  0:43  Assimilator  
  16  0:49  Probe (Chrono Boost)  
  17  0:52  Assimilator  
  17  0:59  Probe (Chrono Boost)  
  18  1:10  Probe (Chrono Boost)  
  19  1:20  Probe (Chrono Boost)  
  19  1:25  Cybernetics Core  
  20  1:31  Probe (Chrono Boost)  
  21  1:36  Pylon  
  21  1:42  Probe (Chrono Boost)  
  21  1:46  Pylon  
  22  1:52  Probe (Chrono Boost)  
  23  2:02  Stargate  
  23  2:06  Adept  
  23  2:08  Warp Gate (Chrono Boost)  
  25  2:21  Gateway  
  24  2:37  Adept  
  26  2:46  Probe  
  26  2:50  Gateway  
  27  3:09  Void Ray (Chrono Boost)  
  31  3:36  Gateway  
  31  3:47  Oracle (Chrono Boost), Pylon  
  34  4:08  Stalker x3  
  40  4:20  Pylon  
  40  4:41  Stalker x3  
  46  4:51  Void Ray (Chrono Boost)  
  44  5:04  Stalker x3  
  48  5:08  Pylon  
  44  5:43  Adept x4  
  38  6:05  Adept x3  
  44  6:15  Oracle (Chrono Boost)  
  42  6:42  Adept x4  
  48  7:03  Stalker x2  
  48  7:04  Stalker  
  48  7:05  Stalker  
Show
View Real Time Build Order
Export as new Build Order

Biscuits Terran 

Build Orders: Reaper Expand 

Get SALT Encoding   

  12  0:01  SCV  
  13  0:13  SCV  
  14  0:17  Supply Depot  
  14  0:25  SCV  
  15  0:29  Refinery  
  15  0:38  SCV  
  16  0:46  Barracks  
  16  0:50  SCV  
  17  1:03  SCV  
  18  1:16  SCV  
  19  1:33  Reaper, Orbital Command  
  20  1:51  Command Center  
  20  2:05  Factory  
  20  2:08  Barracks Reactor  
  20  2:11  Refinery  
  20  2:16  Supply Depot  
  20  2:20  SCV  
  21  2:33  SCV  
  22  2:46  SCV  
  22  2:49  Starport  
  23  2:53  Widow Mine  
  23  2:54  Widow Mine  
  23  2:55  Marine  
  23  2:58  SCV  
  29  3:03  Orbital Command  
  28  3:32  Cyclone  
  28  3:33  Cyclone  
  33  3:39  Bunker  
  33  3:41  Viking  
  35  3:42  Marine  
  35  3:44  SCV  
  35  3:45  SCV  
  37  3:56  SCV  
  37  3:57  SCV  
  37  4:00  Marine  
  40  4:08  SCV  
  40  4:11  SCV  
  40  4:14  Viking  
  43  4:18  Widow Mine  
  43  4:20  SCV  
  43  4:23  Bunker  
  43  4:24  Widow Mine  
  33  4:49  Orbital Command  
  33  4:51  Cyclone  
  31  5:00  Viking  
  31  5:02  Marine  
  31  5:05  Bunker  
  34  5:07  Bunker  
  34  5:11  Bunker  
  34  5:18  SCV  
  38  5:24  Marine  
  22  5:55  SCV  
  18  5:57  SCV  
  17  6:07  SCV  
  17  6:08  Medivac  
  17  6:09  SCV  
  20  6:13  Marine  
  21  6:19  SCV  
  18  6:32  Reaper  
  13  6:52  SCV  
Tags
 
Add a new tag
Caveats
  • Supply blocks, unpowered buildings, or Contaminate may cause inaccurate times.
  • Supply counts are checked every 10 seconds.